Cogmind - Beta 16.1 @@@ ROGUE MODE // 2026.04.22 @ 23:10:47 Player: KURIIRI Result: Destroyed by P-70 Sage with High-powered Shock Rifle Performance ------------- Evolutions (4) 2000 Regions Visited (16) 3200 Robots Destroyed (461) 2305 Value Destroyed (21486) 21486 Prototype IDs (28) 560 Alien Tech Used (0) 0 Bonus (12278) 12278 TOTAL SCORE: 41829 Bonus ------- High Alert Combat Kills 5545 Follower Combat Kills 1895 Entered Garrisons 1400 Used RIF Installer 3500 Friendly Fire -62 Cogmind --------- Core Integrity 0/850 Matter 115/450 Energy 200/200 System Corruption 17% Temperature Cool (1) Movement Rolling (135) Ox3 Location -6/Garrison Parts ------- > --- POWER (2) -------- Cold Fusion Reactor > --- PROPULSION (4) --- Light Treads Armored Huge Wheel > --- UTILITY (7) ------ Huge Storage Unit Compact Matter Pod Relay Coupler [NC] (2) > --- WEAPON (2) ------- Magnetic Acceleration Cannon Heavy Flak Cannon > --- INVENTORY (25) --- Improved Deuterium Engine Cold Fusion Reactor Neutrino Core Improved Reaction Control System Layered Heavy Armor Plating Relay Coupler [NC] (27) Relay Coupler [NC] (23) Relay Coupler [Sentry] (22) Relay Coupler [Sentry] (22) Relay Coupler [Specialist] (25) Relay Coupler [Behemoth] (11) Rainbow Chip Plasma Rifle Proton Cannon Enhanced Gauss Cannon Heavy Gauss Cannon Remote Datajack Remote Datajack Remote Datajack Multitool Peak State ------------ > --- POWER ------------ Cold Fusion Reactor Neutrino Core > --- PROPULSION ------- Improved Heavy Treads Improved Heavy Treads > --- UTILITY ---------- Huge Storage Unit Advanced Target Analyzer Layered Heavy Armor Plating Improved Remote Shield Relay Coupler [Grunt] Relay Coupler [Sentry] > --- WEAPON ----------- Enhanced Gauss Cannon Heavy Gauss Cannon > --- INVENTORY -------- Improved Deuterium Engine Improved Deuterium Engine Cold Fusion Reactor Improved Heavy Treads Advanced Cooling System Coolant Injector Energy Well High-capacity Matter Pod Hardened Heavy Armor Plating Improved Remote Shield Improved Remote Shield Relay Coupler [NC] Relay Coupler [NC] Relay Coupler [NC] Relay Coupler [Grunt] Relay Coupler [Specialist] System Restoration Module Rainbow Chip Enhanced Gauss Cannon Enhanced Gauss Cannon Improved Proton Missile Launcher Remote Datajack Multitool [Rating: 98] Favorites ----------- Power Cold Fusion Reactor Engine Ion Engine Power Core Neutrino Core Reactor Cold Fusion Reactor Propulsion Improved Heavy Treads Treads Improved Heavy Treads Leg Aluminum Leg Wheel Armored Huge Wheel Utility Huge Storage Unit Device Improved Shield Generator Storage Huge Storage Unit Processor Advanced Targeting Computer Hackware System Shield Protection Improved Medium Armor Plating Weapon Improved EM Pulse Cannon Energy Gun Spread Laser Energy Cannon Improved EM Pulse Cannon Ballistic Gun High-powered Shotgun Ballistic Cannon Enhanced Gauss Cannon Launcher Improved Proton Missile Launcher Special Weapon Remote Datajack Impact Weapon Power Maul Slashing Weapon Blade Saw Build | -11 -10 -10 -8 -8 -8 -8 -7 -7 -7 -7 -6 -6 -6 -6 -6 -6 ------- Run | Yrd Mat Sub Mat Gar Mat Gar Fac Gar Fac Gar Fac Gar Fac Gar Fac Gar Slots Evolved 8 | . . . 4 . . . 2 . . . 2 . . . . . Power 1 | . . . . . . . . . . . 1 . . . . . Propulsion 2 | . . . 1 . . . 1 . . . . . . . . . Utility 5 | . . . 3 . . . 1 . . . 1 . . . . . Weapon . | . . . . . . . . . . . . . . . . . Parts Attached 202 | 2 9 13 25 16 11 8 14 7 12 13 13 15 3 13 18 10 Power 15 | . . 1 2 2 1 . 2 . . 2 2 1 . . 2 . Engine 8 | . . 1 1 1 1 . 2 . . 1 1 . . . . . Core 3 | . . . 1 1 . . . . . 1 . . . . . . Reactor 4 | . . . . . . . . . . . 1 1 . . 2 . Propulsion 35 | . 2 2 7 3 4 1 2 . 4 2 . 2 . 2 2 2 Treads 26 | . 2 1 6 3 3 . . . 2 2 . 2 . 2 2 1 Leg . | . . . . . . . . . . . . . . . . . Wheel 9 | . . 1 1 . 1 1 2 . 2 . . . . . . 1 Hover . | . . . . . . . . . . . . . . . . . Flight . | . . . . . . . . . . . . . . . . . Utility 98 | 2 3 3 8 2 5 5 7 6 6 7 10 7 2 9 11 5 Device 26 | 2 1 . . . 1 1 1 . 2 . 6 1 1 5 4 1 Storage 8 | . 1 . 1 . 1 . . . 1 . . . . . . 4 Processor 2 | . . . 1 . . . . . . . . 1 . . . . Hackware 36 | . . . 2 . 2 4 3 3 1 7 2 4 1 2 5 . Protection 26 | . 1 3 4 2 1 . 3 3 2 . 2 1 . 2 2 . Artifact . | . . . . . . . . . . . . . . . . . Weapon 54 | . 4 7 8 9 1 2 3 1 2 2 1 5 1 2 3 3 Energy Gun 8 | . 3 2 1 . . 1 . . . . . . . 1 . . Energy Cannon 15 | . 1 4 . 3 1 1 1 . 1 . . . 1 1 1 . Ballistic Gun 7 | . . 1 5 1 . . . . . . . . . . . . Ballistic Cannon 14 | . . . 2 2 . . . . . 2 . 4 . . 1 3 Launcher 4 | . . . . 1 . . 1 1 . . 1 . . . . . Special Weapon 4 | . . . . 2 . . . . 1 . . . . . 1 . Impact Weapon 1 | . . . . . . . 1 . . . . . . . . . Slashing Weapon 1 | . . . . . . . . . . . . 1 . . . . Piercing Weapon . | . . . . . . . . . . . . . . . . . Special Melee Weapon . | . . . . . . . . . . . . . . . . . Unidentified Prototypes 5 | . . . 3 . . . 2 . . . . . . . . . Parts Lost 44 | . 1 4 3 6 1 . 1 3 2 3 1 . . . 8 11 Power 3 | . . 1 . 1 . . . . . . . . . . . 1 Propulsion 7 | . . 2 . 1 . . . . 1 . . . . . 1 2 Utility 24 | . 1 1 2 2 1 . . 1 1 2 1 . . . 5 7 Weapon 10 | . . . 1 2 . . 1 2 . 1 . . . . 2 1 Highest Loss Streak 4 | . 1 2 1 4 1 . 1 2 1 1 1 . . . 4 3 To Critical Strikes . | . . . . . . . . . . . . . . . . . Average Backups 19 | 6 12 5 16 23 22 21 23 23 23 22 21 22 21 22 19 21 Power 1 | 1 1 . . 1 . 1 3 2 2 2 2 3 3 2 2 3 Propulsion 1 | 4 3 . 1 4 4 4 3 . . . 1 1 1 1 . . Utility 9 | . 4 3 6 9 10 9 9 13 15 13 12 13 11 12 10 9 Weapon 4 | 1 3 1 5 7 5 4 6 4 4 4 3 2 4 4 4 4 Tool/Special . | . . . . . . . . . . . . . . . . . Unused Backups 57 | . 13 3 9 3 4 . . 5 3 . . 4 . . 1 12 Power 6 | . 1 1 . . 2 . . 2 . . . . . . . . Propulsion 7 | . 4 1 . . 1 . . 1 . . . . . . . . Utility 28 | . 3 1 2 1 1 . . 2 3 . . 3 . . 1 11 Weapon 14 | . 5 . 6 2 . . . . . . . 1 . . . . Tool/Special 2 | . . . 1 . . . . . . . . . . . . 1 Average Slot Usage (%) 85 | . 99 84 97 96 90 90 83 81 84 77 80 84 79 77 74 72 Engine 5 | . 14 13 7 2 9 9 7 7 7 4 4 . . . . . Core 1 | . . . 1 5 . . . . . 2 6 5 . . . . Reactor 3 | . . . . . . . . . . . 1 6 13 13 13 13 Treads 14 | . 25 22 25 26 11 9 . . 2 14 13 13 13 13 12 11 Wheel 4 | . . 4 1 . 7 9 14 15 15 . . . . . . 2 Device 6 | . 10 1 8 . 6 4 7 9 8 4 12 6 5 8 10 7 Storage 7 | . 14 2 9 9 9 9 7 7 7 7 6 6 6 6 6 7 Processor 4 | . . . . 9 9 9 7 7 7 7 6 4 . . . . Hackware 9 | . . . 7 9 9 18 12 9 12 11 6 12 20 15 13 10 Protection 9 | . 3 10 17 16 9 3 8 9 7 7 7 12 6 7 6 3 Energy Gun 2 | . 22 5 7 . . . . . . . . . . . . . Energy Cannon 7 | . . 21 . 5 17 14 11 11 12 6 . . . 3 1 3 Ballistic Cannon 3 | . . . 7 4 . . . . . 4 12 7 12 5 5 8 Peak Build Rating 98 | 9 13 13 34 34 45 46 58 60 59 78 86 98 93 96 95 80 Average Rating 53 | 6 11 10 27 30 41 44 54 57 55 69 82 86 91 93 83 65 On Entrance 50 | 6 7 13 13 33 31 44 45 57 59 56 69 85 92 93 91 69 Avg Prop Armor Cover (%) 9 | . . 8 7 . 8 11 . . 9 12 . . . . . 15 Naked Turns . | . . . . . . . . . . . . . . . . . Heaviest Build 155 | 14 32 39 113 113 117 117 122 125 130 132 152 155 150 153 149 133 Greatest Support 150 | 20 40 40 60 60 60 28 56 56 60 150 150 150 150 150 150 125 Greatest Overweight (x) 11 | . . 3 11 2 4 4 2 2 4 4 1 1 . 1 1 4 Average Overweight (x) 1 | . . 1 1 1 3 3 1 1 2 . . . . . . 2 Largest Inventory Capacity 25 | 8 15 15 25 25 25 25 25 25 25 25 25 25 25 25 25 25 Average Capacity 21 | 8 12 6 21 25 25 25 25 25 25 25 25 25 25 25 25 25 Most Carried 25 | 7 15 15 25 25 25 25 25 25 25 25 25 25 25 25 25 25 Average Carried 20 | 6 12 5 16 24 24 23 23 23 24 23 23 24 24 24 21 23 Final Capacity 25 | 8 15 15 25 25 25 25 25 25 25 25 25 25 25 25 25 25 Final Carried 25 | 7 15 14 25 25 24 24 24 25 23 24 23 24 25 25 22 21 Class Distribution -------------------- 35% | Mutant 29% | Bothacker-Mutant 16% | Botlord-Mutant 8% | Subdweller-Mutant 8% | Scavenger-Mutant Dominant Class ---------------- Mutant | -10/Materials Subdweller-Mutant | -10/Subcaves Scavenger-Mutant | -8/Materials Mutant | -8/Garrison Mutant | -8/Materials Hacker-Mutant | -8/Garrison Mutant | -7/Factory Mutant | -7/Garrison Bothacker-Mutant | -7/Factory Bothacker-Mutant | -7/Garrison Mutant | -6/Factory Botlord-Mutant | -6/Garrison Bothacker-Mutant | -6/Factory Botlord-Mutant | -6/Garrison Botlord-Mutant | -6/Factory Botlord-Mutant | -6/Garrison Resources | -11 -10 -10 -8 -8 -8 -8 -7 -7 -7 -7 -6 -6 -6 -6 -6 -6 ----------- Run | Yrd Mat Sub Mat Gar Mat Gar Fac Gar Fac Gar Fac Gar Fac Gar Fac Gar Matter Collected 12481 | 264 312 187 953 1188 440 454 541 257 318 710 1284 1439 610 1282 2022 220 Remotely . | . . . . . . . . . . . . . . . . . Salvage Created 18485 | 85 444 760 1081 945 2191 955 1717 965 845 1114 1102 1089 563 1450 2597 582 Parts 888 | 4 36 43 65 57 107 50 67 40 30 50 69 40 21 70 115 24 Haulers Intercepted 14 | . 2 . 3 . 5 . 2 . . . . . 1 . 1 . Recyclers Shooed 5 | . 1 . 2 . . . . . . . 2 . . . . . Parts Field Recycled . | . . . . . . . . . . . . . . . . . Retrieved Matter . | . . . . . . . . . . . . . . . . . Parts Self-Destructed 16 | . . 16 . . . . . . . . . . . . . . Prevented . | . . . . . . . . . . . . . . . . . Parts Restored . | . . . . . . . . . . . . . . . . . Kills | -11 -10 -10 -8 -8 -8 -8 -7 -7 -7 -7 -6 -6 -6 -6 -6 -6 ------- Run | Yrd Mat Sub Mat Gar Mat Gar Fac Gar Fac Gar Fac Gar Fac Gar Fac Gar Combat Hostiles Destroyed 358 | . 13 17 34 25 29 22 25 24 14 21 22 16 12 24 42 18 Melee 1 | . . . . . . . . . . . . 1 . . . . Guns 40 | . 13 3 18 5 . 1 . . . . . . . . . . Cannons 223 | . . 13 16 10 26 14 13 8 9 17 20 6 10 15 30 16 AOE 66 | . . . . 8 2 4 5 13 5 4 1 5 2 6 11 . Classes Destroyed 23 | 2 6 2 5 3 1 1 . . 1 . 1 . . . 1 . Worker 12 | . . . 1 . 1 . 2 . . . 3 . . . 5 . Builder 19 | . 1 . 1 . 1 . . . 1 . 6 . 1 . 8 . Tunneler 7 | 1 2 . . . 1 . 2 . . . . . . . 1 . Hauler 14 | . 2 . 3 . 5 . 2 . . . . . 1 . 1 . Recycler 13 | 1 . . . . 2 . 3 . 2 . 2 . . . 3 . Mechanic 2 | . . . 1 . . . . . 1 . . . . . . . Operator 5 | . 1 . . . 1 . 1 . 1 . . . . . 1 . Drone 1 | . . . . . . . . . . . . . . . 1 . Watcher 29 | . 2 . 5 1 5 1 6 . 4 . . . 1 . 4 . Swarmer 70 | . 6 . 10 9 4 4 10 3 3 7 . 3 2 . 5 4 Cutter 3 | . . . . 1 . . . . . . . 2 . . . . Saboteur 2 | . . . . . . . . . . . 1 . . . 1 . Grunt 155 | . 7 2 15 5 17 9 11 16 6 5 8 5 7 10 24 8 Brawler 6 | . . . . . 1 1 . . . . 1 . 1 . 1 1 Duelist 11 | . . . . 1 . 3 . 1 . 1 . 1 2 1 . 1 Protector 2 | . . . . . . . . . 1 . . . . 1 . . Sentry 39 | . . . 6 7 7 1 1 2 1 4 3 2 . 3 2 . Demolisher 2 | . . . . 1 . . . . . . . . . 1 . . Specialist 2 | . . . 2 . . . . . . . . . . . . . Hunter 24 | . . . 1 1 . 1 1 2 . 2 3 2 . 6 5 . Programmer 28 | . . . . . . 3 2 . 3 2 6 1 . 3 4 4 Artisan 2 | . . 2 . . . . . . . . . . . . . . Subdweller 15 | . . 15 . . . . . . . . . . . . . . Guerrilla 1 | . . . . . . . . . . . 1 . . . . . Best Kill Streak 10 | 1 4 2 5 5 5 7 8 5 6 5 5 4 4 6 10 4 Combat Bots Only 8 | . 3 2 3 5 5 7 7 5 5 5 4 4 4 6 8 4 Max Kills in Single Turn 6 | 1 2 1 3 3 2 2 4 3 6 2 2 2 2 3 5 1 Gunslinging 1 | . 1 . . . . . . . . . . . . . . . Exploded 4 | . . . . 3 2 2 4 3 3 2 1 2 2 2 3 . Melee 1 | . . . . . . . . . . . . 1 . . . . Uniques/NPCs Destroyed . | . . . . . . . . . . . . . . . . . Combat | -11 -10 -10 -8 -8 -8 -8 -7 -7 -7 -7 -6 -6 -6 -6 -6 -6 -------- Run | Yrd Mat Sub Mat Gar Mat Gar Fac Gar Fac Gar Fac Gar Fac Gar Fac Gar Hostile Shots Fired 1985 | . 35 48 153 124 61 69 98 80 115 201 120 154 39 125 382 181 Missed 584 | . 9 10 41 32 14 22 34 25 39 66 33 60 10 30 110 49 Hits 1401 | . 26 38 112 92 47 47 64 55 76 135 87 94 29 95 272 132 Melee 29 | . . . . 1 . . . . . 1 1 8 4 . 5 9 Projectile 1372 | . 26 38 112 91 47 47 64 55 76 134 86 86 25 95 267 123 AOE 20 | . . 3 . 6 . . . . . . . 1 . 8 2 . Critical Strikes 42 | . 2 . 4 4 1 1 . 3 1 1 2 . . . 15 8 Part Disruptions 1 | . . . . . . . . . . 1 . . . . . . Damage Taken 20203 | . 284 1037 1518 1446 550 693 945 570 906 1501 1121 1013 507 1426 4137 2549 Core 1734 | . 35 118 176 87 60 38 38 52 184 81 51 71 62 56 262 363 Absorbed by Shields 2409 | . . . . . 101 21 47 157 89 . 227 371 147 376 678 195 Reduced by Siege Mode 339 | . . . . . . . . . . 4 36 28 4 60 136 71 Ignored by Resistances 211 | . . . 61 9 2 18 30 . . . 91 . . . . . Regen/Repaired (Parts) 851 | . . . . . 148 . 118 . . . 334 . . . 251 . Core Remaining (%) 55 | 100 . 38 . . . 34 . . . 49 . . . . . . Volleys Fired 1467 | 11 41 73 101 137 85 100 89 56 66 102 84 82 46 136 192 66 Largest 2 | 2 2 2 2 2 2 2 2 2 2 2 2 2 2 2 2 2 Hottest 170 | 40 130 160 130 74 138 138 138 170 170 160 94 102 94 122 122 122 Shots Fired 2070 | 22 78 120 197 159 139 121 104 73 100 144 139 116 70 168 222 98 Gun 277 | 22 78 24 119 16 . 6 . . . . . . . 12 . . Cannon 1550 | . . 96 78 122 133 85 92 60 88 123 124 83 59 126 183 98 Launcher 95 | . . . . 10 . 7 1 11 2 7 3 29 . 9 16 . Special 148 | . . . . 11 6 23 11 2 10 14 12 4 11 21 23 . Kinetic 852 | 22 18 1 103 74 17 . . . 2 22 124 83 59 81 169 77 Thermal 560 | . 60 119 94 11 . 17 14 34 86 101 . . . 24 . . Explosive 38 | . . . . 10 . 7 1 11 2 7 . . . . . . Electromagnetic 495 | . . . . 64 116 74 78 26 . . 3 29 . 54 30 21 Robot Hit Streak 44 | 6 15 24 25 44 14 21 22 31 12 24 26 16 17 18 16 9 Robot Miss Streak 10 | 3 7 3 9 10 3 3 2 2 3 2 6 1 5 3 5 10 Penetration Max 1 | . . . . . . . . . . . 1 1 . . 1 . Secondary Targets 2 | . 2 . . . . . . . . . . . . . . . Max Gunslinging Chain 1 | . 1 . . . . . . . . . . . . . . . Shots Hit Robots 1348 | 11 60 60 173 112 86 61 81 34 59 87 86 78 43 94 148 75 Core Hits 912 | 3 70 27 213 52 48 22 45 35 30 37 51 37 17 51 105 69 Critical Kills 5 | . . 1 . . . . 1 1 . 2 . . . . . . Critical Parts Destroyed 5 | . 1 . 1 . . . 2 . . . . 1 . . . . Critical Strikes 94 | . 2 1 1 1 1 2 4 2 . 3 12 12 10 12 30 1 Burn 2 | . 1 . . . . 1 . . . . . . . . . . Meltdown 5 | . . 1 . . . . 1 1 . 2 . . . . . . Destroy 2 | . 1 . 1 . . . . . . . . . . . . . Blast 72 | . . . . . . . . . . 1 12 6 10 12 30 1 Corrupt 5 | . . . . 1 1 1 1 1 . . . . . . . . Smash 3 | . . . . . . . 2 . . . . 1 . . . . Sever 5 | . . . . . . . . . . . . 5 . . . . Melee Attacks 48 | . . . . . . . 5 . . . . 43 . . . . Impact 30 | . . . . . . . 5 . . . . 25 . . . . Slashing 18 | . . . . . . . . . . . . 18 . . . . Piercing . | . . . . . . . . . . . . . . . . . Sneak Attacks 2 | . . . . . . . 2 . . . . . . . . . Combat Hostiles . | . . . . . . . . . . . . . . . . . Follow-up Attacks . | . . . . . . . . . . . . . . . . . Damage Inflicted 44133 | 116 858 1465 2979 3024 2789 1613 3034 2117 2357 2474 3424 3625 1546 3115 7418 2179 Guns 3406 | 116 815 145 1698 232 . 137 . . . . . . . 263 . . Cannons 30092 | . . 1320 1212 1908 2583 1265 2362 861 1413 2127 3114 1479 1232 2184 4974 2058 Explosions 9106 | . . . . 820 188 211 532 1256 944 347 225 1164 314 590 2394 121 Melee 1122 | . . . . . . . 140 . . . . 982 . . . . Ramming 278 | . 43 . 69 . 18 . . . . . 85 . . 13 50 . Kinetic 17167 | 116 100 . 1699 966 126 . . . . 402 3114 1479 1232 1609 4633 1691 Thermal 9819 | . 715 1465 1211 96 188 300 466 400 2197 1725 . . . 394 541 121 Explosive 3558 | . . . . 788 . 157 193 1207 160 347 . . 314 . 392 . Electromagnetic 12189 | . . . . 1174 2457 1156 2235 510 . . 225 1164 . 1099 1802 367 Impact 572 | . . . . . . . 140 . . . . 432 . . . . Slashing 550 | . . . . . . . . . . . . 550 . . . . Piercing . | . . . . . . . . . . . . . . . . . Highest Corruption 17 | . . . . . . 6 2 2 2 2 3 2 2 7 9 17 Average Corruption 3 | . . . . . . 5 1 2 1 1 2 1 2 3 3 12 Corruption Purged 11 | . . . . . . . . . 2 . 3 . . 5 1 . Corruption Blocked . | . . . . . . . . . . . . . . . . . Effects 203 | . . . . . . 20 19 11 . 18 9 15 14 34 35 28 Message Errors 43 | . . . . . . 5 5 2 . 4 2 7 3 3 8 4 Matter Fused 43 | . . . . . . 3 7 2 . 4 1 3 2 10 5 6 Heat Flow Errors 22 | . . . . . . 1 2 1 . 1 1 1 2 6 4 3 Energy Discharges 25 | . . . . . . 2 1 1 . 4 2 1 1 3 7 3 Parts Rejected 3 | . . . . . . . . 2 . . . . . . 1 . Parts Fused 5 | . . . . . . . 1 . . 1 . . 1 2 . . Data Loss (minor) 31 | . . . . . . 5 1 2 . 2 1 1 1 7 4 7 Data Loss (major) 14 | . . . . . . 2 2 1 . 2 . 1 1 . 3 2 Misfires 4 | . . . . . . . . . . . 1 1 . 1 1 . Alerts 6 | . . . . . . 1 . . . . . . 3 2 . . Misdirections 1 | . . . . . . . . . . . . . . . . 1 Weapon Failures 6 | . . . . . . 1 . . . . 1 . . . 2 2 Overload Shots . | . . . . . . . . . . . . . . . . . Overflow Damage 1402 | . . 22 4 43 77 77 237 5 83 31 127 171 93 127 299 6 Projectiles 840 | . . 22 4 33 77 77 97 . 46 30 127 38 49 127 107 6 Explosions 297 | . . . . 10 . . . 5 37 1 . 15 44 . 185 . Melee 265 | . . . . . . . 140 . . . . 118 . . 7 . Knockbacks 167 | . . . 35 8 2 . 1 . . . 24 7 6 20 30 34 Impact 5 | . . . 3 . . . 1 . . . 1 . . . . . Kinetic 150 | . . . 30 8 2 . . . . . 19 7 6 18 27 33 Secondary 12 | . . . 2 . . . . . . . 4 . . 2 3 1 Self-Inflicted Damage 382 | . . . . 45 9 . 52 34 103 . . 97 . . . 42 Shots 16 | . . . . 2 . . 3 1 2 . . 7 . . . 1 Rammed 25 | . 6 . 7 . 1 . . . . . 8 . . 1 2 . Targets Rammed 27 | . 7 . 7 . 1 . . . . . 8 . . 1 3 . Kicked 1 | . 1 . . . . . . . . . . . . . . . Crushed 1 | . . . . . . . . . . . . . . . 1 . Highest Temperature 477 | . 477 249 324 280 331 394 409 345 90 198 429 317 261 288 301 164 Average Temperature 81 | . 97 68 67 100 98 98 85 85 21 38 111 65 42 75 89 32 Received Heat Transfer 5212 | . 129 204 639 468 208 195 156 190 141 423 326 210 108 156 1134 525 Effects 19 | . 2 . 1 3 . 1 5 . . . 4 3 . . . . Shutdowns 3 | . 1 . . . . 1 . . . . 1 . . . . . Energy Bleed 3 | . . . . 1 . . 2 . . . . . . . . . Interference 12 | . 1 . 1 2 . . 3 . . . 3 2 . . . . Short Circuit 1 | . . . . . . . . . . . . 1 . . . . Siege Activations 27 | . . . . . . . . . . 1 3 3 4 6 6 4 Total Turns 488 | . . . . . . . . . . 13 46 67 24 103 160 75 Longest Duration 45 | . . . . . . . . . . 13 24 43 10 40 45 33 Martial Activations . | . . . . . . . . . . . . . . . . . Shielding Activations . | . . . . . . . . . . . . . . . . . Robots Disrupted 1 | . . . . . . . 1 . . . . . . . . . Combat Hostiles . | . . . . . . . . . . . . . . . . . Robots Corrupted 35 | . . . 1 4 2 3 8 2 . . 1 6 . 3 3 2 Combat Hostiles 24 | . . . . 2 1 3 6 2 . . 1 4 . 3 . 2 Parts Fried 77 | . . . 1 2 11 7 19 1 . . 1 11 . 10 13 1 Impact Corruptions 10 | . . . 1 . . . 4 . . . . 3 . 1 1 . Robots Melted 5 | . . 1 . . . . 1 1 . 2 . . . . . . Combat Hostiles 3 | . . 1 . . . . 1 1 . . . . . . . . Parts Melted 47 | . 4 7 . . . 4 3 3 10 12 . . . 2 2 . Heat Transferred 14493 | . 1023 1951 1545 300 200 550 600 600 2950 3224 . . . 900 550 100 Parts Sabotaged . | . . . . . . . . . . . . . . . . . Parts Stolen . | . . . . . . . . . . . . . . . . . Parts Stripped . | . . . . . . . . . . . . . . . . . Power Chain Reactions 17 | . . . . 1 3 1 5 1 . . . . . 1 4 1 Alert | -11 -10 -10 -8 -8 -8 -8 -7 -7 -7 -7 -6 -6 -6 -6 -6 -6 ------- Run | Yrd Mat Sub Mat Gar Mat Gar Fac Gar Fac Gar Fac Gar Fac Gar Fac Gar Maximum Alert Level 5 | . 1 . 2 4 3 2 3 4 3 4 3 5 3 4 5 4 Low Security (%) 12 | 100 98 . 75 . . 6 . . . . 3 . . . . . Level 1 19 | . 1 . 23 20 81 26 36 . . . 26 . . . . . Level 2 25 | . . . . 25 17 66 40 19 88 15 51 5 77 20 . . Level 3 18 | . . . . 28 . . 23 35 11 61 18 38 22 24 20 . Level 4 22 | . . . . 25 . . . 44 . 22 . 51 . 54 73 100 Level 5 1 | . . . . . . . . . . . . 5 . . 6 . High Security . | . . . . . . . . . . . . . . . . . Max Security . | . . . . . . . . . . . . . . . . . Peak Influence 1785 | 5 204 . 401 1441 702 602 773 1398 733 1412 880 1785 1031 1559 1630 1587 Initial 1129 | . . . . 259 702 187 310 538 733 469 741 616 936 449 818 1129 Average 693 | . 43 . 122 802 331 413 510 1045 630 967 523 1204 678 1050 1266 1314 Influence Increases 16052 | 10 466 50 960 1342 1022 715 1295 950 597 1093 1583 1209 586 1330 2276 568 Destroy 0b10 Robot/C 8020 | . 260 40 680 640 580 500 580 560 300 540 640 480 360 600 900 360 Destroy 0b10 Robot/NC 620 | 10 40 . 55 15 80 5 95 . 40 15 85 20 15 15 130 . Destroy Leader 1264 | . 58 10 156 40 160 20 126 30 78 60 172 20 64 40 200 30 Allied During Kill 591 | . . . . 49 . 14 49 32 11 79 144 33 36 59 85 . Successful Hack 328 | . 18 . 39 23 43 14 83 . 20 7 48 . 12 . 21 . Select Force Hacks 90 | . 60 . . . 30 . . . . . . . . . . . Disable Machine 1725 | . . . . 15 45 15 270 135 105 60 240 75 45 75 630 15 Anti-Garrison Action 1600 | . . . . 350 . 50 . 100 . 250 . 400 . 400 . 50 Destroy Structure 1004 | . . . . 60 24 82 77 93 43 82 134 121 54 81 130 23 Lose Combat Pursuer 810 | . 30 . 30 150 60 15 15 . . . 120 60 . 60 180 90 Influence Decreases 14465 | 10 270 246 561 300 2174 412 1118 321 1325 351 2115 304 1729 413 2221 595 Entered New Map 5658 | . . 95 . 140 739 102 282 231 665 201 671 264 849 193 741 485 Time Decay 4387 | 10 260 136 541 . 690 . 616 . 490 . 614 . 380 . 650 . Lost Part 405 | . 10 15 20 60 10 . 10 30 20 30 10 . . . 80 110 Lost Ally 1040 | . . . . 100 10 160 60 60 . 120 70 40 50 220 150 . Purge Threat 2975 | . . . . . 725 150 150 . 150 . 750 . 450 . 600 . Squads Dispatched 61 | . 3 . 4 . 4 . 6 . 4 . 14 . 6 . 20 . Investigation 19 | . 3 . 1 . 2 . 3 . . . 3 . 1 . 6 . Extermination 15 | . . . . . . . 2 . 2 . 5 . 2 . 4 . Reinforcement 14 | . . . 2 . 1 . . . . . 4 . 2 . 5 . Assault 11 | . . . . . 1 . 1 . 2 . 2 . . . 5 . Garrison 2 | . . . 1 . . . . . . . . . 1 . . . Intercept . | . . . . . . . . . . . . . . . . . Searches Triggered . | . . . . . . . . . . . . . . . . . Construction Impeded 6 | . . . . . . . . . . . 2 . 1 . 3 . Haulers Reinforced 1 | . . . . . . . . . . . . . . . 1 . Active Scanning Responses . | . . . . . . . . . . . . . . . . . Cargo Convoy Interrupts . | . . . . . . . . . . . . . . . . . Stealth | -11 -10 -10 -8 -8 -8 -8 -7 -7 -7 -7 -6 -6 -6 -6 -6 -6 --------- Run | Yrd Mat Sub Mat Gar Mat Gar Fac Gar Fac Gar Fac Gar Fac Gar Fac Gar Distress Signals 18 | . . . 5 . 2 1 2 . 1 . 3 . 1 . 3 . Communications Jammed . | . . . . . . . . . . . . . . . . . Distress Signals . | . . . . . . . . . . . . . . . . . Times Spotted 554 | . 19 15 55 36 40 33 46 27 25 33 43 25 24 38 69 26 Peak Tracking Total 11 | . 4 2 6 4 6 10 4 6 5 5 6 6 4 6 8 11 Tactical Retreats 38 | . 2 . 2 7 3 1 1 . . . 7 3 . 1 8 3 Traps | -11 -10 -10 -8 -8 -8 -8 -7 -7 -7 -7 -6 -6 -6 -6 -6 -6 ------- Run | Yrd Mat Sub Mat Gar Mat Gar Fac Gar Fac Gar Fac Gar Fac Gar Fac Gar Traps Triggered 42 | . 1 1 1 5 . 6 6 1 1 3 . 4 1 4 4 4 Indirectly 8 | . . . . . . . 2 . . . . 4 . 1 1 . Trap Hack Attempts . | . . . . . . . . . . . . . . . . . Triggered . | . . . . . . . . . . . . . . . . . Disarmed . | . . . . . . . . . . . . . . . . . Reprogrammed . | . . . . . . . . . . . . . . . . . Reused . | . . . . . . . . . . . . . . . . . Traps Extracted . | . . . . . . . . . . . . . . . . . Installed . | . . . . . . . . . . . . . . . . . Triggered . | . . . . . . . . . . . . . . . . . Machines | -11 -10 -10 -8 -8 -8 -8 -7 -7 -7 -7 -6 -6 -6 -6 -6 -6 ---------- Run | Yrd Mat Sub Mat Gar Mat Gar Fac Gar Fac Gar Fac Gar Fac Gar Fac Gar Machines Disabled 135 | . . 1 . 4 3 3 18 11 7 7 16 9 3 9 42 2 Max in Single Turn 11 | . . 1 . 1 1 1 2 1 4 1 2 2 2 2 11 1 Garrison Access 6 | . . . . . . . 1 . 1 . 1 . 1 . 2 . Garrison Relay 19 | . . . . 3 . 1 . 2 . 4 . 4 . 4 . 1 Machines Repaired 3 | . . . . . 1 . 1 . . . 1 . . . . . Machines Dismantled . | . . . . . . . . . . . . . . . . . Machines Sabotaged . | . . . . . . . . . . . . . . . . . Overloaded Fab Kills . | . . . . . . . . . . . . . . . . . Hacking | -11 -10 -10 -8 -8 -8 -8 -7 -7 -7 -7 -6 -6 -6 -6 -6 -6 --------- Run | Yrd Mat Sub Mat Gar Mat Gar Fac Gar Fac Gar Fac Gar Fac Gar Fac Gar Machines Accessed 102 | . 10 1 10 3 13 3 15 1 11 2 13 1 7 . 12 . Terminals 66 | . 8 . 7 3 8 3 9 1 5 2 8 1 2 . 9 . Fabricators 6 | . . . . . . . 1 . 3 . 1 . 1 . . . Repair Stations 2 | . . . . . 1 . 1 . . . . . . . . . Recycling Units 4 | . 2 . . . 1 . . . . . 1 . . . . . Scanalyzers 11 | . . . 2 . 2 . 2 . 1 . 1 . 2 . 1 . Garrison Access 12 | . . . 1 . 1 . 2 . 2 . 2 . 2 . 2 . Total Hacks 257 | . 21 3 35 8 48 8 36 2 28 2 30 4 13 . 19 . Successful 129 | . 9 3 15 2 34 2 19 1 13 1 17 1 5 . 7 . Failed 126 | . 12 . 20 6 13 6 16 1 15 1 13 3 8 . 12 . Catastrophic 20 | . . . 1 3 1 2 4 . 3 1 1 2 . . 2 . Database Lockouts 2 | . . . . . 1 . 1 . . . . . . . . . Manual 143 | . 19 . 21 2 19 4 23 1 17 1 17 1 7 . 11 . Terminals 172 | . 18 . 26 8 25 8 22 2 17 2 22 4 3 . 15 . Fabricators 15 | . . . . . . . 4 . 6 . 2 . 3 . . . Repair Stations 11 | . . . . . 8 . 3 . . . . . . . . . Recycling Units 7 | . 3 . . . 2 . . . . . 2 . . . . . Scanalyzers 29 | . . . 5 . 10 . 3 . 3 . 2 . 4 . 2 . Garrison Access 20 | . . . 4 . 3 . 4 . 2 . 2 . 3 . 2 . Terminal Hacks 40 | . 1 3 4 2 12 2 2 1 2 1 6 1 . . 3 . Record 2 | . . 2 . . . . . . . . . . . . . . Robot Analysis 5 | . 1 . 1 . 3 . . . . . . . . . . . Prototype ID Bank 3 | . . . 1 . 1 . . . 1 . . . . . . . Open Door 2 | . . . . 1 . . . . . 1 . . . . . . Terminal Index 4 | . . . . . 1 . 1 . . . 1 . . . 1 . Scanalyzer Index 2 | . . . . . 1 . . . . . 1 . . . . . Garrison Index 1 | . . . . . . . . . . . . . . . 1 . Unreport Threat 9 | . . . . . 3 1 1 . 1 . 2 . . . 1 . Locate Traps 3 | . . . 1 . 1 . . . . . 1 . . . . . Zone Layout 4 | . . . 1 . 2 . . . . . 1 . . . . . Garrison Registry 4 | . . . . 1 . 1 . 1 . . . 1 . . . . Proto ID Catalog 1 | . . 1 . . . . . . . . . . . . . . Fabricator Hacks 3 | . . . . . . . 1 . 1 . 1 . . . . . Network Status 2 | . . . . . . . . . 1 . 1 . . . . . Build 1 | . . . . . . . 1 . . . . . . . . . Repair Station Hacks 8 | . . . . . 6 . 2 . . . . . . . . . Scan Component 4 | . . . . . 3 . 1 . . . . . . . . . Repair 4 | . . . . . 3 . 1 . . . . . . . . . Recycling Unit Hacks 2 | . . . . . 1 . . . . . 1 . . . . . Retrieve Matter 1 | . . . . . . . . . . . 1 . . . . . Retrieve Components 1 | . . . . . 1 . . . . . . . . . . . Scanalyzer 17 | . . . 3 . 7 . 1 . 3 . 1 . 1 . 1 . Insert Component 2 | . . . . . 2 . . . . . . . . . . . Analyze 3 | . . . . . 3 . . . . . . . . . . . Retrieve Study 12 | . . . 3 . 2 . 1 . 3 . 1 . 1 . 1 . Garrison Access Hacks 12 | . . . 1 . 1 . 2 . 2 . 2 . 2 . 2 . Unlock Access 7 | . . . 1 . 1 . 1 . 1 . 1 . 1 . 1 . Seal Access 5 | . . . . . . . 1 . 1 . 1 . 1 . 1 . Unauthorized Hacks 46 | . 7 . 7 . 7 . 11 . 5 . 6 . 2 . 1 . Terminals 36 | . 5 . 7 . 5 . 9 . 3 . 5 . 1 . 1 . Track 2 | . . . . . 1 . . . . . 1 . . . . . Assimilate 1 | . . . . . 1 . . . . . . . . . . . Botnet 12 | . . . 1 . 2 . 2 . 2 . 3 . 1 . 1 . Disrupt 1 | . . . . . . . . . . . 1 . . . . . Operators 3 | . . . . . 1 . 1 . 1 . . . . . . . Skim 17 | . 5 . 6 . . . 6 . . . . . . . . . Fabricators 5 | . . . . . . . 1 . 2 . 1 . 1 . . . Report 1 | . . . . . . . . . 1 . . . . . . . Liberate 3 | . . . . . . . . . 1 . 1 . 1 . . . Haulers 1 | . . . . . . . 1 . . . . . . . . . Repair Stations 1 | . . . . . 1 . . . . . . . . . . . Mechanics 1 | . . . . . 1 . . . . . . . . . . . Recycling Units 3 | . 2 . . . 1 . . . . . . . . . . . Tunnel 3 | . 2 . . . 1 . . . . . . . . . . . Scanalyzers . | . . . . . . . . . . . . . . . . . Garrison Access 1 | . . . . . . . 1 . . . . . . . . . Reprogram 1 | . . . . . . . 1 . . . . . . . . . Data Cores Recovered 4 | . 1 . . . 1 . 1 . . . . . . . 1 . Used 2 | . 1 . . . 1 . . . . . . . . . . . Hacking Detections 68 | . 8 . 10 2 9 1 11 . 8 1 8 . 5 . 5 . Full Trace Events 14 | . 1 . 2 2 1 . 2 . . . 2 . 1 . 3 . Feedback Events . | . . . . . . . . . . . . . . . . . Feedback Blocked . | . . . . . . . . . . . . . . . . . Robot Schematics Acquired . | . . . . . . . . . . . . . . . . . Robots Built 1 | . . . . . . . 1 . . . . . . . . . Authchips . | . . . . . . . . . . . . . . . . . Time 116 | . . . . . . . 116 . . . . . . . . . Total Robot Build Rating 3 | . . . . . . . 3 . . . . . . . . . Part Schematics Acquired 2 | . . . . . 2 . . . . . . . . . . . Parts Built . | . . . . . . . . . . . . . . . . . Authchips . | . . . . . . . . . . . . . . . . . Time . | . . . . . . . . . . . . . . . . . Total Part Build Rating . | . . . . . . . . . . . . . . . . . Part Studies Acquired 12 | . . . 3 . 2 . 1 . 3 . 1 . 1 . 1 . Parts Repaired 4 | . . . . . 3 . 1 . . . . . . . . . Time 154 | . . . . . 132 . 22 . . . . . . . . . Parts Recycled . | . . . . . . . . . . . . . . . . . Recycled Matter . | . . . . . . . . . . . . . . . . . Retrieved Matter . | . . . . . . . . . . . . . . . . . Retrieved Components . | . . . . . . . . . . . . . . . . . Parts Scanalyzed 2 | . . . . . 2 . . . . . . . . . . . Part Schematics Acquired 2 | . . . . . 2 . . . . . . . . . . . Parts Damaged 1 | . . . . . 1 . . . . . . . . . . . Bothacking | -11 -10 -10 -8 -8 -8 -8 -7 -7 -7 -7 -6 -6 -6 -6 -6 -6 ------------ Run | Yrd Mat Sub Mat Gar Mat Gar Fac Gar Fac Gar Fac Gar Fac Gar Fac Gar Used RIF Installer 7 | . . . . 1 . 1 . 1 . 1 . 1 . 1 . 1 Code Merge 1 | . . . . . . . . . . . . . . . . 1 Command Fork 2 | . . . . . . 1 . . . . . . . 1 . . Watcher Feeds 1 | . . . . . . . . . . 1 . . . . . . Autooverride 1 | . . . . . . . . 1 . . . . . . . . Autoassimilate 1 | . . . . . . . . . . . . 1 . . . . Robots Hacked 68 | . . . . . 2 4 9 2 3 10 6 6 6 7 13 . Non-combat 18 | . . . . . 2 . 5 . 2 . 5 . 1 . 3 . Combat 50 | . . . . . . 4 4 2 1 10 1 6 5 7 10 . Autooverrided 9 | . . . . . . . . . 1 . . 3 1 1 3 . Autoassimilated 10 | . . . . . . . . . . . . 1 2 4 3 . Robot Hacks Applied 75 | . . . . . 5 5 11 2 7 10 10 2 7 2 14 . parse_system 5 | . . . . . 1 . 1 . 1 . 1 . . . 1 . generate_echo 1 | . . . . . . . . . . . 1 . . . . . start_evac 1 | . . . . . 1 . . . . . . . . . . . ignore_repairs 1 | . . . . . . . 1 . . . . . . . . . find_fabricator 1 | . . . . . . . . . 1 . . . . . . . drop_inventory 6 | . . . . . . . 2 . 1 . 2 . . . 1 . find_recycling 1 | . . . . . . . 1 . . . . . . . . . find_station 2 | . . . . . . . 1 . 1 . . . . . . . check_alert 1 | . . . . . . . . . . . . . . . 1 . purge_threat 14 | . . . . . 2 . . . . . 4 . 4 . 4 . spike_heat 2 | . . . . . . . . 1 . 1 . . . . . . amplify_resonance 3 | . . . . . . 2 . . . 1 . . . . . . disable_weapons 1 | . . . . . . . . . . 1 . . . . . . overwrite_iff 9 | . . . . . . 1 . . 1 1 . . 1 1 4 . streamctrl_high 1 | . . . . . . . . . . 1 . . . . . . formatsys_low 8 | . . . . . 1 . 1 . 1 . 2 . 1 . 2 . formatsys_high 18 | . . . . . . 2 4 1 1 5 . 2 1 1 1 . Relay Couplers Released 79 | . . . . 11 . 3 . 7 3 15 . 16 . 17 3 4 Machine Destruction 76 | . . . . 11 . 3 . 7 . 15 . 16 . 17 3 4 Programmers 3 | . . . . . . . . . 3 . . . . . . . Attached 32 | . . . . . 2 3 3 3 1 7 2 4 1 2 4 . Fabnet Peak Effective % . | . . . . . . . . . . . . . . . . . Robots Rewired 16 | . . . . 5 . 6 . . . 2 . . . 3 . . Allies Hacked 3 | . . . . . . 1 1 . . . 1 . . . . . Hacks Repelled . | . . . . . . . . . . . . . . . . . Allies | -11 -10 -10 -8 -8 -8 -8 -7 -7 -7 -7 -6 -6 -6 -6 -6 -6 -------- Run | Yrd Mat Sub Mat Gar Mat Gar Fac Gar Fac Gar Fac Gar Fac Gar Fac Gar Total Allies 84 | . . . . 5 1 9 7 1 7 11 2 6 6 14 15 . Largest Group 5 | . . . . 3 1 5 3 3 4 5 5 3 2 4 4 . Highest-Rated Group 293 | . . . . 76 10 68 90 90 80 293 293 93 64 206 189 . Highest-Rated Ally 95 | . . . . 31 10 16 32 32 32 95 95 47 32 80 80 . Total Orders 47 | . . . . . 2 . 9 10 7 2 5 6 . 3 3 . STAY 20 | . . . . . 1 . 2 6 3 1 1 3 . 2 1 . FOLLOW 18 | . . . . . 1 . 4 4 3 1 1 3 . 1 . . AID 7 | . . . . . . . 3 . 1 . 1 . . . 2 . EXPLORE 2 | . . . . . . . . . . . 2 . . . . . Ally Attacks 401 | . . . . 32 . 32 21 12 16 25 72 32 30 48 81 . Total Damage 9774 | . . . . 526 . 465 941 385 216 915 2327 893 813 834 1459 . Kills 75 | . . . . 7 . 3 7 4 2 6 17 9 7 7 6 . Allies Corrupted 4 | . . . . . . 1 . . . 1 2 . . . . . Allies Melted . | . . . . . . . . . . . . . . . . . Intel | -11 -10 -10 -8 -8 -8 -8 -7 -7 -7 -7 -6 -6 -6 -6 -6 -6 ------- Run | Yrd Mat Sub Mat Gar Mat Gar Fac Gar Fac Gar Fac Gar Fac Gar Fac Gar Active Infowar (turns) 96 | 43 52 . 1 . . . . . . . . . . . . . Terrain 20 | 19 . . 1 . . . . . . . . . . . . . Seismic 76 | 24 52 . . . . . . . . . . . . . . . Robot Analysis Total 5 | . 1 . 1 . 3 . . . . . . . . . . . Derelict Logs Recovered 2 | . . 2 . . . . . . . . . . . . . . Drone Launches 2 | . . . . . . . . . . . 2 . . . . . Drone Recoveries 2 | . . . . . . . . . . . 2 . . . . . Exploration | -11 -10 -10 -8 -8 -8 -8 -7 -7 -7 -7 -6 -6 -6 -6 -6 -6 ------------- Run | Yrd Mat Sub Mat Gar Mat Gar Fac Gar Fac Gar Fac Gar Fac Gar Fac Gar Turns Passed 27646 | 92 1226 3404 2207 1757 2790 1029 2045 773 1297 1336 2033 1830 888 1864 2381 694 Spaces Moved 13610 | 49 635 2074 903 609 1305 489 1325 457 712 629 1038 849 447 861 999 229 Core . | . . . . . . . . . . . . . . . . . Treads 8151 | . 586 1134 802 609 147 . . . . 545 1038 849 447 861 999 134 Legs 98 | 49 49 . . . . . . . . . . . . . . . Wheels 5361 | . . 940 101 . 1158 489 1325 457 712 84 . . . . . 95 Hover . | . . . . . . . . . . . . . . . . . Flight . | . . . . . . . . . . . . . . . . . Fastest Speed 95 | 120 120 95 110 200 135 135 105 105 105 135 160 160 160 160 160 135 Average Speed 153 | 120 156 140 186 201 154 138 116 119 122 158 160 162 160 165 169 187 Slowest Speed 245 | 120 160 240 245 240 200 150 120 120 150 240 200 200 160 200 220 220 Overloaded Moves . | . . . . . . . . . . . . . . . . . Propulsion Burnouts . | . . . . . . . . . . . . . . . . . Robots Hopped . | . . . . . . . . . . . . . . . . . Potential Cave-ins . | . . . . . . . . . . . . . . . . . Cave-ins Triggered . | . . . . . . . . . . . . . . . . . Exploration Rate (%) 55 | 3 93 83 76 64 66 65 40 60 21 81 42 77 21 79 42 22 Regions Visited 16 Branch Regions 1 Pre-discovered Areas 13 | . 5 1 3 . 1 . 3 . . . . . . . . . Known Exits Taken 8 | . . 1 1 . 1 . 1 . 1 . 1 . 1 . 1 . Unknown Exits Taken 2 | 1 1 . . . . . . . . . . . . . . . Scrap Searched 6 | . . 6 . . . . . . . . . . . . . . Spaces Dug 71 | . . 5 . 1 4 13 4 . 1 10 4 19 . 4 6 . Terrain Destroyed 556 | . . 14 . 22 21 24 48 13 38 76 47 26 57 14 153 3 Melee 18 | . . . . . . . 3 . . . . 15 . . . . Projectile 197 | . . 14 . . 9 1 5 . 15 3 47 11 33 14 44 1 AOE 341 | . . . . 22 12 23 40 13 23 73 . . 24 . 109 2 Terrain Rammed . | . . . . . . . . . . . . . . . . . Walls Destroyed . | . . . . . . . . . . . . . . . . . Machines Disabled . | . . . . . . . . . . . . . . . . . Actions | -11 -10 -10 -8 -8 -8 -8 -7 -7 -7 -7 -6 -6 -6 -6 -6 -6 --------- Run | Yrd Mat Sub Mat Gar Mat Gar Fac Gar Fac Gar Fac Gar Fac Gar Fac Gar Total 18206 | 62 789 2446 1228 974 1939 718 1703 611 1034 822 1249 1096 551 1133 1459 392 Wait 1980 | . 68 230 116 47 478 49 202 53 212 37 58 44 44 88 193 61 Move 13598 | 48 634 2073 903 607 1305 487 1325 455 712 628 1038 848 447 860 999 229 Hop . | . . . . . . . . . . . . . . . . . Pick Up 197 | . 17 21 32 13 16 5 11 13 5 8 8 17 2 9 10 10 Fast Attach 72 | 2 4 9 11 2 1 . 4 4 4 2 3 8 2 7 3 6 Attach 84 | . 1 3 8 6 3 2 6 3 4 7 9 2 1 2 21 6 Detach 24 | 1 . . 3 . 2 . . . 2 1 1 2 . 1 11 . Swap 262 | . 4 7 17 24 28 21 28 8 18 20 27 21 7 13 17 2 Drop 187 | . 13 19 29 11 19 3 10 11 9 7 5 25 2 14 3 7 Fire 1467 | 11 41 73 101 137 85 100 89 56 66 102 84 82 46 136 192 66 Melee 48 | . . . . . . . 5 . . . . 43 . . . . Ram 1 | . . . . . 1 . . . . . . . . . . . Kick 1 | . 1 . . . . . . . . . . . . . . . Crush 25 | . 6 . 7 . . . . . . . 8 . . 1 3 . Escape Stasis 82 | . . . . 8 . 48 16 . . . . 3 . 2 . 5 Rewire 141 | . . . . 117 . 1 4 7 1 9 1 . . . 1 . Trap . | . . . . . . . . . . . . . . . . . Miscellaneous 37 | . . 11 1 2 1 2 3 1 1 1 7 1 . . 6 . Route ------- -11/Scrapyard -10/Materials (discovered 5 exits: [*Mat x3] / [*Min] / *Sub) -10/Subcaves (discovered 4 exits: *Mat x2 / Rec / [*Scr]) -8/Materials (discovered 4 exits: *Fac x3 / Gar) -8/Garrison (discovered 3 exits: *Mat x3) -8/Materials (discovered 3 exits: *Fac x2 / Gar) -8/Garrison (discovered 3 exits: *Fac x3) -7/Factory (discovered 4 exits: *Fac x2 / [*Low] / Gar) -7/Garrison (discovered 3 exits: *Fac x3) -7/Factory (discovered 3 exits: *Fac / [*Low] / Gar) -7/Garrison (discovered 3 exits: *Fac x3) -6/Factory (discovered 3 exits: [*Fac] / [*Low] / Gar) -6/Garrison (discovered 3 exits: *Fac x3) -6/Factory (discovered 2 exits: [*Fac] / Gar) -6/Garrison (discovered 4 exits: [*Fac x3] / *Fac) -6/Factory (discovered 3 exits: [*Fac] / [*Low] / Gar) -6/Garrison History --------- Turn | Location | Event 24 | -11/Scrapyard | Discovered new exit (range 3) 93 | -11/Scrapyard | Entered Materials 174 | -10/Materials | Discovered new exit (range 5) 306 | -10/Materials | Build established: Mutant 511 | -10/Materials | Discovered new exit (range 12) 691 | -10/Materials | Discovered new exit (range 7) 1156 | -10/Materials | Learned 4 Recycling zone layouts 1180 | -10/Materials | Discovered new exit (range 10) 1192 | -10/Materials | Learned location of Recycling (-7) 1232 | -10/Materials | Learned location of Mines (-10) 1256 | -10/Materials | Learned Storage security intel 1311 | -10/Materials | Discovered new exit (range 6) 1319 | -10/Materials | Entered Subcaves 1320 | -10/Subcaves | Approached by a straggling Scientist 1320 | -10/Subcaves | Identified exit to Materials 1320 | -10/Subcaves | Identified exit to Recycling 1325 | -10/Subcaves | Learned Materials trap positions 1518 | -10/Subcaves | Disturbed a concealed Subdweller 1641 | -10/Subcaves | Learned location of Zion (-6) 1641 | -10/Subcaves | Met a Zionite searching for "candidates" 1959 | -10/Subcaves | Build established: Subdweller-Mutant 2157 | -10/Subcaves | Scientist uncovered a shortcut to Scraptown 2654 | -10/Subcaves | Shifting Twisted Machinery released Mak. Light Armor Plating 2655 | -10/Subcaves | Shifting Twisted Machinery released Sub. Power Source 2873 | -10/Subcaves | Shifting Twisted Machinery released Lgt. Humpback 2873 | -10/Subcaves | Shifting Twisted Machinery released Scrap Shield 2909 | -10/Subcaves | A swath of the cavern ceiling suddenly collapsed 3320 | -10/Subcaves | Core integrity fell below 50% 3364 | -10/Subcaves | A swath of the cavern ceiling suddenly collapsed 3508 | -10/Subcaves | Ambushed by angry Subdweller bent on revenge 3987 | -10/Subcaves | Ambushed by Subdweller buried in earth 4333 | -10/Subcaves | Learned Materials trap positions 4562 | -10/Subcaves | Build established: Mutant 4632 | -10/Subcaves | Visited 4L-MR0's lab 4676 | -10/Subcaves | Found Rainbow Chip 4723 | -10/Subcaves | Entered Materials 4723 | -8/Materials | Evolved 4 slots: Propulsion x1, Utility x3 4724 | -8/Materials | Loaded intel: 16 trap records 5071 | -8/Materials | Build established: Scavenger-Mutant 5667 | -8/Materials | Discovered new exit (range 15) 6258 | -8/Materials | Discovered new exit (range 16) 6277 | -8/Materials | Learned location of Lower Caves (-7) 6412 | -8/Materials | Identified exit to Factory 6510 | -8/Materials | Learned location of Storage (-7) 6885 | -8/Materials | Garrison activated, responded to threat 6930 | -8/Materials | Identified exit to Garrison 6930 | -8/Materials | Entered Garrison 6931 | -8/Garrison | Identified exit to Materials 7014 | -8/Garrison | Triggered checkpoint 7101 | -8/Garrison | Lost 4 parts (1p1u2w) 7283 | -8/Garrison | Garrison Relay disabled 7343 | -8/Garrison | Build established: Mutant 7400 | -8/Garrison | Triggered checkpoint 7404 | -8/Garrison | Triggered checkpoint 7628 | -8/Garrison | Triggered checkpoint 7754 | -8/Garrison | Garrison Relay disabled 7898 | -8/Garrison | Triggered checkpoint 8022 | -8/Garrison | Triggered checkpoint 8233 | -8/Garrison | Discovered exit to Materials (range 29) 8233 | -8/Garrison | Discovered exit to Materials (range 36) 8233 | -8/Garrison | Discovered exit to Materials (range 63) 8254 | -8/Garrison | Triggered checkpoint 8467 | -8/Garrison | Installed Relay Interface Framework 8489 | -8/Garrison | Garrison Relay disabled 8687 | -8/Garrison | Entered Materials 8688 | -8/Materials | Loaded intel: 19 trap records 8805 | -8/Materials | Build established: Bothacker-Mutant 9222 | -8/Materials | Repaired Broken Multitool 9368 | -8/Materials | Discovered exit to Factory (range 14) 9389 | -8/Materials | Core integrity fell below 50% 9487 | -8/Materials | First assault squad dispatched 9761 | -8/Materials | Discovered exit to Factory (range 8) 9912 | -8/Materials | Build established: Mutant 10068 | -8/Materials | Repaired Imp. EM Pulse Cannon 10113 | -8/Materials | Repaired Imp. EM Pulse Cannon 10773 | -8/Materials | Central database locked down 11477 | -8/Materials | Identified exit to Garrison 11477 | -8/Materials | Entered Garrison 11653 | -8/Garrison | Triggered checkpoint 11739 | -8/Garrison | Triggered checkpoint 11799 | -8/Garrison | Triggered checkpoint 11802 | -8/Garrison | Destroyed 7 combat bots 12003 | -8/Garrison | Lost 5 allies 12067 | -8/Garrison | Discovered exit to Factory (range 9) 12094 | -8/Garrison | Triggered checkpoint 12139 | -8/Garrison | Triggered checkpoint 12206 | -8/Garrison | Lost 3 allies 12210 | -8/Garrison | Discovered exit to Factory (range 58) 12210 | -8/Garrison | Discovered exit to Factory (range 21) 12210 | -8/Garrison | Discovered exit to Factory (range 53) 12279 | -8/Garrison | Triggered checkpoint 12405 | -8/Garrison | Build established: Hacker-Mutant 12413 | -8/Garrison | Triggered checkpoint 12441 | -8/Garrison | Garrison Relay disabled 12460 | -8/Garrison | Expanded RIF knowledge: Command Fork 12506 | -8/Garrison | Entered Factory 12506 | -7/Factory | Evolved 2 slots: Propulsion x1, Utility x1 12753 | -7/Factory | Build established: Bothacker-Mutant 12768 | -7/Factory | Found Prototype Launcher 12796 | -7/Factory | Identified Rocket Array 12832 | -7/Factory | Destroyed 7 combat bots 13399 | -7/Factory | Repaired Imp. EM Pulse Cannon+ 13439 | -7/Factory | Build established: Mutant 13442 | -7/Factory | Central database locked down 13688 | -7/Factory | Fabricated O-24 Administrator? 13710 | -7/Factory | Discovered new exit (range 15) 13844 | -7/Factory | Discovered new exit (range 5) 14145 | -7/Factory | Learned location of 2 exits from Upper Caves 14221 | -7/Factory | Learned location of Extension (-5) 14245 | -7/Factory | Learned location of 1 exit from Upper Caves 14261 | -7/Factory | Learned 4 Factory zone layouts 14269 | -7/Factory | Identified exit to Factory 14270 | -7/Factory | Learned Extension terminal intel 14278 | -7/Factory | Learned location of Warlord (-4) 14326 | -7/Factory | Loaded intel: 4 garrison access locations 14366 | -7/Factory | Learned Factory garrison access intel 14506 | -7/Factory | First assault squad dispatched 14551 | -7/Factory | Identified exit to Garrison 14551 | -7/Factory | Entered Garrison 14551 | -7/Garrison | Accompanied by 3 allies 14599 | -7/Garrison | Triggered checkpoint 14618 | -7/Garrison | Garrison Relay disabled 14741 | -7/Garrison | Triggered checkpoint 14791 | -7/Garrison | Lost 3 allies 14825 | -7/Garrison | Triggered checkpoint 14828 | -7/Garrison | Triggered checkpoint 14835 | -7/Garrison | Triggered checkpoint 14979 | -7/Garrison | Triggered checkpoint 14983 | -7/Garrison | Discovered new exit (range 13) 15071 | -7/Garrison | Triggered checkpoint 15109 | -7/Garrison | Discovered new exit (range 32) 15109 | -7/Garrison | Discovered new exit (range 81) 15109 | -7/Garrison | Discovered new exit (range 54) 15306 | -7/Garrison | Expanded RIF knowledge: Autooverride 15324 | -7/Garrison | Entered Factory 15324 | -7/Factory | Accompanied by 1 ally 15326 | -7/Factory | Loaded intel: 4 garrison access locations 15402 | -7/Factory | Build established: Bothacker-Mutant 15514 | -7/Factory | Discovered exit to Factory (range 8) 15724 | -7/Factory | First assault squad dispatched 16165 | -7/Factory | P-60 Hacker assimilated allied H-55 Commando 16223 | -7/Factory | Discovered new exit (range 14) 16298 | -7/Factory | Watched by a mysterious "MATRIX" hacker. 16621 | -7/Factory | Identified exit to Garrison 16621 | -7/Factory | Entered Garrison 16621 | -7/Garrison | Accompanied by 1 ally 16667 | -7/Garrison | Triggered checkpoint 16702 | -7/Garrison | Garrison Relay disabled 16906 | -7/Garrison | Triggered checkpoint 16980 | -7/Garrison | Triggered checkpoint 17097 | -7/Garrison | Triggered checkpoint 17113 | -7/Garrison | Garrison Relay disabled 17189 | -7/Garrison | Discovered exit to Factory (range 13) 17315 | -7/Garrison | Triggered checkpoint 17385 | -7/Garrison | Discovered exit to Factory (range 12) 17404 | -7/Garrison | Triggered checkpoint 17527 | -7/Garrison | Found embedded Infiltrators 17655 | -7/Garrison | Triggered checkpoint 17760 | -7/Garrison | Core integrity fell below 50% 17804 | -7/Garrison | Triggered checkpoint 17825 | -7/Garrison | Expanded RIF knowledge: Watcher Feeds 17848 | -7/Garrison | Discovered exit to Factory (range 8) 17900 | -7/Garrison | Garrison Relay disabled 17957 | -7/Garrison | Entered Factory 17957 | -6/Factory | Accompanied by 5 allies 17957 | -6/Factory | Evolved 2 slots: Power x1, Utility x1 18179 | -6/Factory | Discovered new exit (range 14) 18467 | -6/Factory | Found Unknown Device 18467 | -6/Factory | Identified Launcher Loader 18657 | -6/Factory | First assault squad dispatched 18737 | -6/Factory | Build established: Mutant 19105 | -6/Factory | Discovered new exit (range 15) 19990 | -6/Factory | Identified exit to Garrison 19990 | -6/Factory | Entered Garrison 20011 | -6/Garrison | Spotted B-86 Titan 20052 | -6/Garrison | Triggered checkpoint 20081 | -6/Garrison | Garrison Relay disabled 20313 | -6/Garrison | Triggered checkpoint 20389 | -6/Garrison | Build established: Bothacker-Mutant 20485 | -6/Garrison | Expanded RIF knowledge: Autoassimilate 20503 | -6/Garrison | Triggered checkpoint 20533 | -6/Garrison | Garrison Relay disabled 20575 | -6/Garrison | Discovered new exit (range 14) 20682 | -6/Garrison | Triggered checkpoint 20709 | -6/Garrison | Triggered checkpoint 20782 | -6/Garrison | Triggered checkpoint 20964 | -6/Garrison | Garrison Relay disabled 21044 | -6/Garrison | Discovered new exit (range 10) 21283 | -6/Garrison | Build established: Botlord-Mutant 21455 | -6/Garrison | Discovered new exit (range 62) 21455 | -6/Garrison | Discovered new exit (range 44) 21455 | -6/Garrison | Discovered new exit (range 24) 21718 | -6/Garrison | Triggered checkpoint 21732 | -6/Garrison | Garrison Relay disabled 21820 | -6/Garrison | Entered Factory 21820 | -6/Factory | Accompanied by 2 allies 21978 | -6/Factory | Build established: Bothacker-Mutant 22190 | -6/Factory | Garrison activated, responded to threat 22247 | -6/Factory | Discovered new exit (range 16) 22708 | -6/Factory | Identified exit to Garrison 22708 | -6/Factory | Entered Garrison 22708 | -6/Garrison | Accompanied by 1 ally 22777 | -6/Garrison | Triggered checkpoint 22822 | -6/Garrison | Triggered checkpoint 22853 | -6/Garrison | Lost 4 allies 22994 | -6/Garrison | Triggered checkpoint 23010 | -6/Garrison | Build established: Mutant 23098 | -6/Garrison | Garrison Relay disabled 23144 | -6/Garrison | Expanded RIF knowledge: Command Fork 23400 | -6/Garrison | Build established: Bothacker-Mutant 23405 | -6/Garrison | Triggered checkpoint 23444 | -6/Garrison | Triggered checkpoint 23447 | -6/Garrison | Lost 3 allies 23498 | -6/Garrison | Garrison Relay disabled 23520 | -6/Garrison | Triggered checkpoint 23538 | -6/Garrison | Discovered new exit (range 6) 23630 | -6/Garrison | Discovered new exit (range 15) 23725 | -6/Garrison | Triggered checkpoint 23779 | -6/Garrison | Discovered new exit (range 10) 23810 | -6/Garrison | Triggered checkpoint 23818 | -6/Garrison | Build established: Botlord-Mutant 23863 | -6/Garrison | Lost 3 allies 23879 | -6/Garrison | Found embedded Infiltrators 23912 | -6/Garrison | Garrison Relay disabled 24064 | -6/Garrison | Triggered checkpoint 24136 | -6/Garrison | Triggered checkpoint 24157 | -6/Garrison | Garrison Relay disabled 24214 | -6/Garrison | Discovered new exit (range 10) 24572 | -6/Garrison | Entered Factory 24572 | -6/Factory | Accompanied by 2 allies 24702 | -6/Factory | Discovered new exit (range 15) 24852 | -6/Factory | Lost 3 allies 25622 | -6/Factory | First assault squad dispatched 26023 | -6/Factory | Destroyed 8 combat bots 26481 | -6/Factory | Lost 4 parts (3u1w) 26509 | -6/Factory | Core integrity fell below 50% 26740 | -6/Factory | Build established: Bothacker-Mutant 26772 | -6/Factory | Discovered new exit (range 15) 26953 | -6/Factory | Identified exit to Garrison 26953 | -6/Factory | Entered Garrison 26975 | -6/Garrison | Triggered checkpoint 27054 | -6/Garrison | Expanded RIF knowledge: Code Merge 27187 | -6/Garrison | System corruption reached 10% 27209 | -6/Garrison | Triggered checkpoint 27275 | -6/Garrison | Garrison Relay disabled 27281 | -6/Garrison | Heavy support dispatched to Factory 27353 | -6/Garrison | Build established: Botlord-Mutant 27368 | -6/Garrison | Heavy support dispatched to Factory 27408 | -6/Garrison | Lost 3 parts (3u) 27427 | -6/Garrison | Triggered checkpoint 27439 | -6/Garrison | Core integrity fell below 20% 27647 | -6/Garrison | Destroyed by P-70 Sage with High-powered Shock Rifle Last Messages --------------- 27604_ Acquired 22 matter. 27608_ Acquired 2 matter. 27616_ System corrupted: Component data lost. 27622_ Triggered Stasis Trap. 27622_ A bubble of rippling energy engulfs the area. 27622_ Field strength at 90. 27625_ S-27 Virus destroyed. 27628_ Destroyed VTOL Module. 27628_ S-27 Virus destroyed. 27628_ S-27 Virus knocked back. 27635_ G-50 Soldier knocked back. 27636_ Imp. Medium Treads destroyed. 27638_ S-27 Virus knocked back. 27638_ G-50 Soldier knocked back. 27638_ S-27 Virus destroyed. 27641_ G-50 Soldier knocked back. 27642_ Stasis field depleted. 27643_ Cold Fusion Reactor destroyed. 27644_ G-50 Soldier knocked back. Map ----- +----------------------------------------------------+ | ?????????????????????????????????????????????????? | | ?????????????????????????????????????????????????? | | ?????????????????????????????????????????????????? | | ?????????????????????????????????????????????????? | | ?????????????????????????????????????????????????? | | ?????????????????????????????????????????????????? | | ?????????????????????????????????????????????????? | | ?????????????????????????????????????????????????? | | ?????????????????????????????????????????????????? | | ?????????????????????????????????????????????????? | | ?????????????????????????????????????????????????? | | ?????????????????????????????????????????????????? | | ?????????????????????????????????????????????????? | | ?????????????????????????????????????????????????? | | ?????????????? ????????????????????????????????? | | ?????????????? ???????????????????????????????? | | ??????????????# ??????????????????????????????? | | ??????????????# % #?????????????????????????????? | | ?????????????? *%????????????????????????????? | | ??????????????? g%=????????????????????????????? | | ????????????????? ??????????????????????????? | | ??????????????????? g ??????????????????????????? | | ??????????????# ????#= %?????????????????????????? | | ?????????????## ##sgs############?????????????? | | ?????????? s % *% ^ = #?????????????? | | ?????????? %[% @ = #???????####??? | | ?????????? p % ^ #?????### ###? | | ??????????? ## ###;######### #?????#"#! #? | | ??????????????# ????# #???????# #?????# ! #? | | ????????????????????# #???????# #?????# !! ## | | ????????????????????# #???????# #?????#" % %" | | ????????????????????# #???????# #?????#"#*= ## | | ????????????????????# #???????# #?????### =###? | | ????????????????????# ######### ########! "### | | ????????????????????# ! % " [ ^ | | ????????????????????# % " ! ! != % | | ????????????????????###### ##### ############### | | ?????????????????????????# #???# #?????????????? | | ?????????????????????????# #???# #?????????????? | | ?????????????????????##### #???# #?????????????? | | ?????????????????????# ## #???# #?????????????? | | ?????????????????????# #???# =#?????????????? | | ?????????????????????#] ## #???# =%#?????????????? | | ?????????????????????#] ## #?### #?????????????? | | ?????????????????????#]]## ### %#?????????????? | | ?????????????????????#]]## " %=#?????????????? | | ?????????????????????##### ### #?????????????? | | ?????????????????????????# #?### %#?????????????? | | ?????????????????????????# #???#% #?????????????? | | ????????????????????????## ##??# #?????????????? | +----------------------------------------------------+ Best States ------------- Heat Dissipation 87 Coolant Potential 65 Energy Generation 31 Energy Capacity 600 Matter Stores 450 Matter Capacity 450 Sight Range 16 Terrain Scan Range 16 Terrain Scan Density 10 Armor Coverage 1500 Resistance: KI 20 Resistance: TH 25 Propulsion Shielding 66 Evasion (%) 55 Targeting Accuracy 8 Target Analysis 8 Recoil Reduction 4 Kinecelleration 40 Offensive Hacking 10 Defensive Hacking 20 Relay Coupler Types 3 Relay Coupler Value 56 Item Schematics ----------------- Multitool | -8/Materials | Scanalyzed Arm. Huge Wheel | -8/Materials | Scanalyzed Robot Schematics ------------------ None Fabricated ------------ O-24 Administrator | x1 | -7/Factory | Preloaded Repaired ---------- Multitool | 76% | -8/Materials | Broken Imp. EM Pulse Cannon | 1% | -8/Materials Imp. EM Pulse Cannon | 32% | -8/Materials Imp. EM Pulse Cannon | 14% | -7/Factory Studied --------- Flak Cannon | -8/Materials | Hacked Hpw. Shotgun | -8/Materials | Hacked Lgt. Treads | -8/Materials | Hacked Ion Engine | -8/Materials | Hacked Arm. Huge Wheel | -8/Materials | Hacked Imp. EM Pulse Cannon | -7/Factory | Hacked Plasma Cannon | -7/Factory | Hacked Com. Wheel | -7/Factory | Hacked Remote Datajack | -7/Factory | Hacked Imp. Heavy Treads | -6/Factory | Hacked Imp. Proton Missile Launcher | -6/Factory | Hacked Proton Cannon | -6/Factory | Hacked Alien Tech Used ----------------- None Achievements -------------- Hackerman Not Today, Chutes Pwned Zeroed Repercussions Challenges ------------ None Game ------ Seed InsulationMetafieldRouter Manual? 0 Play Time 03:52:59 Cumulative 425.7 hours Start 2026.04.21 @ 19:00:46 End 2026.04.22 @ 23:10:47 Sessions 15 Manual Loads 0 Difficulty Rogue Special Mode None Game No. 355 Rogue 319 Adventurer 36 Explorer 0 Win Type - Total 5 Types 2/0/0/1/0/0/0/2/0/0 Lore% 77 Gallery% 69 Achievement% 59 Wizard Run 0 Options --------- Layout 1 ASCII 0 Keyboard 0 Movement Numpad Keybinds 0 Fullscreen 1 Font 48/Smallcaps Map View 50x35 Zoom Use 0% Tactical HUD 1 Map Filters NONE Filters NONE Steam 1 RUN: 60ba737c-9852-406c-bb6a-29d70ecb5ebb